 Dungeon Crawl Stone Soup version 0.30.1-11-g7821555f0a (webtiles) character file.

Game seed: 5860633029149169471

2 HOAXBANE the Charlatan (level 1, -11/15 HPs)
             Began as a Human Artificer on Nov 19, 2023.
             Mangled by a kobold
             ... wielding a +1 dagger of electrocution
              (20 damage)
             ... on level 1 of the Dungeon.
             The game lasted 00:01:17 (134 turns).

HOAXBANE the Charlatan (Human Artificer)             Turns: 134, Time: 00:01:18

Health: -11/15     AC:  6    Str: 12    XL:     1   Next: 44%
Magic:  1/1        EV:  9    Int: 11    God:
Gold:   12         SH:  0    Dex: 13    Spells: 0/0 levels left

rFire   . . .        a - +0 club
rCold   . . .        (no shield)
rNeg    . . .        f - +0 scale mail
rPois   .            (no helmet)
rElec   .            (no cloak)
rCorr   .            (no gloves)
SInv    .            (no boots)
Will    .....        (no amulet) Stlth
                     (no ring)
HPRegen 0.22/turn    (no ring)
MPRegen 0.07/turn

%: no passive effects
@: no status effects
A: no striking features
a: no special abilities


You were on level 1 of the Dungeon.
You visited 1 branch of the dungeon, and saw 1 of its levels.

You collected 12 gold pieces.

Inventory:

Hand Weapons
 a - a +0 club (weapon)
Armour
 b - a +0 leather armour
 f - a +0 scale mail (worn)
Wands
 c - a wand of flame (14) (quivered)
 d - a wand of charming (15)
 e - a wand of iceblast (5)


   Skills:
 - Level 1.0 Fighting
 - Level 2.0 Armour
 - Level 1.0 Dodging
 - Level 1.0 Stealth
 + Level 3.2 Evocations


You couldn't memorise any spells.
You didn't know any spells.
Your spell library was empty.

Dungeon Overview and Level Annotations

Branches:
Dungeon (1/15)

Altars:


Message History

You kill the hobgoblin!
You see here a +0 scale mail.
f - a +0 scale mail You start removing your armour.
You continue taking off your +0 leather armour. x4
You finish taking off your +0 leather armour.
You start putting on your armour.
You continue putting on your +0 scale mail. x5
You finish putting on your +0 scale mail.
Unknown command.
You start resting.
HP restored.
You see here a hobgoblin corpse.
An endoplasm comes into view.
The endoplasm quivers.
A kobold comes into view.
It is wielding a +1 dagger of electrocution.
The kobold shouts!
You see here a hobgoblin corpse.
Your movement speed is average.
Your attack delay is about 1.3.
Your damage rating with your +0 club is about 5 (Base 5 x 105% (Str) x 101% (Skill)).
You hit the endoplasm.
The endoplasm is severely wounded.
The endoplasm hits you but does no damage.
You hit the endoplasm.
You kill the endoplasm!
You barely miss the kobold.
The kobold hits you but does no damage. x2
You completely miss the kobold. The kobold hits you but does no damage.
You hit the kobold but do no damage. The kobold hits you but does no damage.
You closely miss the kobold. The kobold hits you but does no damage.
You barely miss the kobold. The kobold closely misses you.
The kobold hits you with a +1 dagger of electrocution.
You hit the kobold but do no damage. The kobold completely misses you.
You barely miss the kobold. The kobold hits you but does no damage.
You closely miss the kobold.
The kobold hits you with a +1 dagger of electrocution.
The kobold hits you but does no damage.
You closely miss the kobold. The kobold hits you but does no damage.
You are electrocuted!!
Ouch! That really hurt!
You die...

#....# #...K#
#....# #....#
#....# ####.#
#†### #.K.##
###@.####
##....#####
###......#
#......###
#........#### #
#...........###
#..............
#..............
###............


You could see a kobold.

Vanquished Creatures
  An endoplasm (D:1)
  A hobgoblin (D:1)
2 creatures vanquished.

Notes
Turn   | Place    | Note
-------+----------+-------------------------------------------
     0 | D:1      | HOAXBANE the Human Artificer began the quest for the Orb.
     0 | D:1      | Reached XP level 1. HP: 15/15 MP: 1/1
   134 | D:1      | Mangled by a kobold

Illustrated notes

Levels and vault maps discovered:
D:1:      nicolae_arrival_washed_ashore, layout_basic, serial_rivers,
          chequers_serial_rivers_room_b, chequers_serial_rivers_micro_e,
          chequers_serial_rivers_small_b, chequers_serial_rivers_micro_d,
          chequers_serial_rivers_micro_e, minmay_pentomino_w4

Action                     || total
---------------------------++-------
  Melee: Club              ||    18
  Evoke: Wand              ||     1
 Armour: Scale mail        ||     9
         Leather armour    ||     1
  Dodge: Dodged            ||     6
